 Dungeon Crawl Stone Soup version 0.19-a0-1341-g3513869 (webtiles) character file.

43 mopl the Ruffian (level 3, -6/31 HPs)
             Began as a Troll Wizard on Sept 1, 2016.
             Mangled by Sigmund
             ... wielding a +0 scythe
              (8 damage)
             ... on level 2 of the Dungeon.
             The game lasted 00:01:38 (339 turns).

mopl the Ruffian (Troll Wizard)                      Turns: 339, Time: 00:01:38

Health: -6/31      AC:  5    Str: 15    XL:     3   Next: 37%
Magic:  5/5        EV: 10    Int: 14    God:
Gold:   46         SH:  0    Dex:  9    Spells: 3 memorised, 1 level left

rFire  . . .     SeeInvis .       - Unarmed
rCold  . . .     Gourm    +     a - +0 robe
rNeg   . . .     Faith    .     (no shield)
rPois  .         Spirit   .     b - +0 hat
rElec  .         Dismiss  .     (no cloak)
rCorr  .         Reflect  .     (gloves unavailable)
MR     .....     Harm     .     (boots unavailable)
Stlth  +.........               (no amulet)
                                (no ring)
                                (no ring)

@: no status effects
A: unfitting armour, claws 3, fast metabolism 3, gourmand, regeneration 1,
shaggy fur 1, tough skin 2
a: no special abilities


You were on level 2 of the Dungeon.
You were full.

You visited 1 branch of the dungeon, and saw 2 of its levels.

You collected 46 gold pieces.

Inventory:

Armour
 a - a +0 robe (worn)
 b - a +0 hat (worn)
Scrolls
 e - a scroll of teleportation {unknown}
 h - a scroll of immolation {unknown}
Potions
 g - a potion of curing
Books
 c - a book of Minor Magic

   Spells                             Type                      Level
   a - Magic Dart                     Conjuration                  1
   b - Blink                          Translocation                2
   c - Call Imp                       Summoning                    2
   d - Repel Missiles                 Charms/Air                   2
   e - Slow                           Hexes                        2
   f - Conjure Flame                  Conjuration/Fire             3
   g - Mephitic Cloud                 Conjuration/Poison/Air       3
Comestibles
 d - 3 bread rations
 i - 2 meat rations


   Skills:
 - Level 1.5 Dodging
 - Level 1.1 Stealth
 * Level 3.1 Unarmed Combat
 - Level 2.0 Spellcasting
 - Level 0.6 Conjurations
   Level 0.6 Summonings
 - Level 0.6 Translocations


You had one spell level left.
You knew the following spells:

 Your Spells              Type           Power        Failure   Level  Hunger
a - Magic Dart            Conj           #...         21%         1    ##.....
e - Blink                 Tloc           N/A          30%         2    ###....
i - Repel Missiles        Chrm/Air       #.....       34%         2    ###....


Dungeon Overview and Level Annotations

Branches:
Dungeon (2/15)

Altars:

Annotations:
D:2 Sigmund


Innate Abilities, Weirdness & Mutations

You are too large for most types of armour.
You have claws for hands.
Your metabolism is lightning-fast.
You like to eat raw meat.
Your natural rate of healing is unusually fast.
You are covered in fur. (AC +1)
You have very tough skin. (AC +2)


Message History

Something hits you but does no damage.
You miss something. You barely miss something.
You hear some strange, mumbled words.
You are confused.
You bump into the rock wall.
Something hits you.
* * * LOW HITPOINT WARNING * * *
You barely miss something.
It was a potion of curing.
You feel better. Something hits you!
You miss something. Something hits you but does no damage.
You miss something. You miss something.
You hear some strange, mumbled words.
A magic dart appears from out of thin air!
The magic dart hits you!
* * * LOW HITPOINT WARNING * * *
You claw something! Something hits you!
* * * LOW HITPOINT WARNING * * *
You miss something. Something hits you!
You die...

#######.###
#...@{?...#
###.#####.#.#
##.........#
##...).######
#.......##
#........#
#<.......#
##........#
##.........


There were no monsters in sight!

Vanquished Creatures
  An adder (D:2)
  An ooze (D:1)
  A dart slug (D:1)
  A giant gecko (D:1)
  3 bats
  A giant cockroach (D:2)
  3 hobgoblins
  4 jackals (D:2)
  A giant newt (D:1)
  4 goblins
  4 kobolds (D:1)
  A rat (D:1)
25 creatures vanquished.

Notes
Turn   | Place    | Note
-------+----------+-------------------------------------------
     0 | D:1      | mopl the Troll Wizard began the quest for the Orb.
     0 | D:1      | Reached XP level 1. HP: 16/16 MP: 2/2
    33 | D:1      | Reached skill level 1 in Unarmed Combat
    86 | D:2      | Reached XP level 2. HP: 17/24 MP: 4/4
    93 | D:2      | Learned a level 2 spell: Blink
    96 | D:2      | Learned a level 2 spell: Repel Missiles
   125 | D:2      | Reached skill level 2 in Unarmed Combat
   174 | D:1      | Reached XP level 3. HP: 31/31 MP: 5/5
   213 | D:1      | Reached skill level 3 in Unarmed Combat
   318 | D:2      | Noticed Sigmund
   338 | D:2      | HP: 1/31 [something (8)]
   339 | D:2      | Mangled by Sigmund

Vault maps used:
D:1:      roderic_crossed_star
D:2:      first_bread, nemelex_diamond_rough_becter, uniq_sigmund

Skill      XL: |  1  2  3 |
---------------+----------+-----
Unarmed Combat | 1 2 3 |  3.1
Dodging        | |  1.5
Stealth        | |  1.1
Spellcasting   | |  2.0
Conjurations   | |  0.6
Summonings     | |  0.6
Translocations | |  0.6

Action                   || total
-------------------------++-------
Melee: Unarmed           ||   104
 Cast: Repel Missiles    ||     1
  Use: Potion            ||     1
  Eat: Chunk             ||     5
Armor: Robe              ||    56
Dodge: Dodged            ||    59
       Deflected         ||     1
